Map: Central Protocol

Players

TargA - Winner!

  • Race: Zerg Zerg

FWNice (Nice)

  • Race: Protoss Protoss

Event: NationWars III

VOD

Have the link to the VOD?

Description

Time

  • Played on: Dec. 4, 2015, 1:27 p.m.
  • Length: 8:01

All games in this series

Show
View Real Time Build Order
Export as new Build Order

TargA Zerg - Winner!

Build Orders: Hatch First 

Get SALT Encoding   

  12  0:01  Drone  
  13  0:12  Overlord  
  13  0:18  Drone  
  14  0:31  Drone x2  
  14  0:34  Drone  
  17  0:53  Hatchery  
  17  0:55  Drone  
  17  0:58  Drone  
  18  1:07  Extractor  
  18  1:08  Drone  
  18  1:17  Spawning Pool  
  17  1:20  Drone  
  18  1:29  Drone  
  19  1:40  Overlord  
  19  1:52  Drone  
  20  2:01  Drone  
  21  2:04  Queen  
  21  2:06  Zergling x2, Queen  
  21  2:07  Metabolic Boost  
  26  2:15  Drone  
  26  2:16  Drone  
  28  2:29  Drone x2  
  30  2:40  Evolution Chamber, Drone x2  
  30  2:41  Queen  
  33  2:45  Overlord  
  33  2:57  Zergling x4  
  35  3:01  Hatchery  
  35  3:03  Zergling x2  
  35  3:05  Zergling x2  
  36  3:16  Drone x2  
  36  3:17  Drone x3  
  41  3:21  Overlord  
  41  3:24  Drone x2  
  43  3:29  Drone  
  43  3:41  Overlord  
  43  3:47  Roach Warren  
  42  3:51  Drone x7  
  49  3:57  Overlord  
  48  4:03  Extractor  
  48  4:04  Drone  
  48  4:05  Drone x2  
  50  4:13  Extractor  
  50  4:15  Extractor  
  50  4:16  Drone x2  
  50  4:17  Drone  
  51  4:19  Lair  
  51  4:21  Zergling x2  
  51  4:22  Zergling x6  
  54  4:24  Overlord  
  53  4:32  Roach  
  53  4:33  Roach x2  
  59  4:41  Roach x2  
  59  4:42  Drone  
  64  4:48  Drone  
  64  4:49  Drone x6  
  70  4:55  Overlord  
  70  5:00  Drone  
  70  5:01  Drone x3  
  70  5:05  Evolution Chamber  
  70  5:06  Ravager x3  
  76  5:08  Overlord  
  76  5:09  Overlord  
  76  5:16  Roach x3  
  81  5:25  Glial Reconstitution  
  80  5:32  Roach x5  
  80  5:33  Overlord  
  89  5:43  Roach x4  
  89  5:46  Overlord x2  
  97  5:52  Roach x3  
  97  5:56  Zergling x6  
  105  6:06  Roach x5  
  105  6:08  Zergling x4  
  117  6:14  Overseer  
  117  6:16  Ravager  
  117  6:17  Zergling x2  
  117  6:18  Zergling x12  
  125  6:28  Zergling x4  
  127  6:39  Roach  
  129  6:40  Roach x2  
  128  6:47  Overlord, Roach  
  128  6:48  Overlord x2  
  128  6:55  Overlord x2  
  128  6:59  Roach x2  
  127  7:10  Roach x3  
  132  7:18  Roach  
  132  7:19  Roach x2  
  132  7:20  Queen  
  135  7:23  Roach x2  
  135  7:24  Roach x5  
  135  7:28  Overlord  
  149  7:33  Drone x2  
  143  7:44  Ravager  
  149  7:55  Ravager x4  
Show
View Real Time Build Order
Export as new Build Order

FWNice Protoss 

Build Orders:  

Get SALT Encoding   

  12  0:02  Probe (Chrono Boost)  
  13  0:12  Probe (Chrono Boost)  
  14  0:17  Pylon  
  14  0:23  Probe (Chrono Boost)  
  15  0:36  Probe (Chrono Boost)  
  15  0:42  Gateway  
  16  0:46  Probe (Chrono Boost)  
  18  0:57  Probe (Chrono Boost)  
  18  0:58  Assimilator  
  18  1:07  Probe (Chrono Boost)  
  18  1:10  Pylon  
  19  1:18  Probe (Chrono Boost)  
  20  1:28  Probe (Chrono Boost)  
  23  1:33  Cybernetics Core  
  21  1:49  Nexus  
  21  1:57  Pylon  
  21  2:02  Probe (Chrono Boost)  
  22  2:11  Adept  
  22  2:13  Mothership Core (Chrono Boost)  
  26  2:19  Assimilator  
  26  2:26  Warp Gate  
  26  2:31  Probe (Chrono Boost)  
  27  2:38  Adept  
  27  2:41  Probe (Chrono Boost)  
  30  2:52  Probe (Chrono Boost), Gateway  
  30  3:00  Robotics Facility  
  30  3:07  Probe x2 (Chrono Boost)  
  30  3:12  Adept  
  34  3:17  Probe (Chrono Boost)  
  34  3:18  Probe (Chrono Boost)  
  36  3:28  Probe (Chrono Boost)  
  36  3:29  Probe (Chrono Boost)  
  38  3:38  Probe (Chrono Boost)  
  38  3:39  Probe (Chrono Boost)  
  42  3:44  Gateway  
  42  3:48  Probe (Chrono Boost)  
  47  3:55  Immortal (Chrono Boost)  
  47  3:59  Sentry  
  43  4:04  Probe  
  43  4:06  Probe  
  44  4:15  Probe  
  44  4:18  Probe  
  45  4:25  Probe  
  45  4:30  Probe  
  46  4:33  Warp Prism (Chrono Boost)  
  46  4:36  Probe  
  49  4:43  Gateway  
  49  4:44  Gateway  
  49  4:57  Adept  
  49  4:58  Adept  
  53  5:01  Pylon  
  53  5:08  Observer (Chrono Boost)  
  53  5:11  Pylon  
  53  5:14  Pylon  
  54  5:18  Probe  
  54  5:20  Probe  
  53  5:25  Adept x2  
  53  5:26  Adept  
  59  5:29  Probe  
  59  5:32  Probe  
  62  5:43  Stalker x2, Pylon  
  62  5:47  Stalker x2  
  67  6:06  Probe  
  67  6:08  Probe  
  67  6:09  Stalker x2  
  67  6:11  Zealot  
  71  6:17  Probe  
  71  6:20  Probe  
  71  6:23  Sentry  
  71  6:24  Zealot  
  77  6:27  Probe  
  77  6:29  Assimilator  
  78  6:38  Probe  
  62  7:05  Stalker x2, Immortal (Chrono Boost), Zealot  
  62  7:06  Zealot x2  
  70  7:25  Pylon  
  70  7:27  Adept x2  
  70  7:28  Adept x2  
  62  7:44  Stalker  
  54  7:53  Stalker  
Tags
 
Add a new tag
Caveats
  • Supply blocks, unpowered buildings, or Contaminate may cause inaccurate times.
  • Supply counts are checked every 10 seconds.